 Dungeon Crawl Stone Soup version 0.26-a0-651-gb41185065b (webtiles) character file.

Game seed: 17501207849514966896

1064 kae the Changer (level 8, -8/64 HPs)
             Began as a Naga Transmuter on Oct 30, 2020.
             Mangled by an orc warrior
             ... wielding a +1 long sword of freezing
              (11 damage)
             ... on level 6 of the Dungeon.
             The game lasted 00:06:19 (8685 turns).

kae the Changer (Naga Transmuter)                   Turns: 8685, Time: 00:06:20

Health: -8/64      AC:  6    Str: 15    XL:     8   Next: 27%
Magic:  2/11       EV: 19    Int: 13    God:
Gold:   282        SH:  0    Dex: 17    Spells: 2/11 levels left

rFire    . . .     SeeInvis +     - Unarmed
rCold    . . .     Faith    .   (shield currently unavailable)
rNeg     . . .     Spirit   .   (armour currently unavailable)
rPois    .         Reflect  .   (helmet currently unavailable)
rElec    .         Harm     .   (cloak currently unavailable)
rCorr    .         Rampage  .   (gloves currently unavailable)
MR       +....                  (no barding)
Stlth    ++........             (no amulet)
HPRegen  0.00/turn              g - +4 ring of protection
MPRegen  0.12/turn              y - ring of poison resistance

@: spider-form, stab, very slightly contaminated
A: tiny, see invisible, inhibited regeneration, spit poison 1, AC +2
a: Spit Poison, End Transformation


You were on level 6 of the Dungeon.
You were a venomous arachnid creature.
You visited 1 branch of the dungeon, and saw 6 of its levels.

You collected 282 gold pieces.

Inventory:

Armour
 a - a +0 robe (melded)
 l - a scarf of invisibility (melded)
 v - the cursed +0 leather armour of Hysteria {rF+, unknown}
   (You found it on level 6 of the Dungeon)

   It protects you from fire.
   It has a curse placed upon it.
Jewellery
 f - an uncursed ring of positive energy
 g - a +4 ring of protection (left front leg)
 n - an uncursed ring of resist corrosion
 r - a +6 ring of intelligence {unknown}
 t - an uncursed ring of magical power {unknown}
 y - a ring of poison resistance (right front leg)
Wands
 m - a wand of polymorph (8)
 o - a wand of disintegration (7)
 p - a wand of flame (12)
Scrolls
 c - 4 scrolls of remove curse
 d - 2 scrolls of magic mapping
 j - a scroll of identify
 k - a scroll of amnesia
Potions
 b - a potion of magic
 e - 5 potions of flight
 h - a potion of degeneration
 i - a potion of cancellation
 q - a potion of resistance
 x - a potion of lignification {unknown}


   Skills:
 - Level 1.0 Fighting
 - Level 1.5 Dodging
 + Level 5.6 Unarmed Combat
 - Level 2.0 Spellcasting
 * Level 7.2 Transmutations
 + Level 3.9 Evocations


You had 2 spell levels left.
You knew the following spells:

 Your Spells              Type           Power        Failure   Level
a - Beastly Appendage     Tmut           ###...       6%          1
b - Spider Form           Tmut/Pois      ##........   36%         3
c - Blade Hands           Tmut           ###.......   58%         5

Your spell library contained the following spells:

 Spells                   Type           Power        Failure   Level
 Wereblood                Tmut           ###.....     8%          2
 Ice Form                 Ice/Tmut       ##......     71%         4


Dungeon Overview and Level Annotations

Branches:
Dungeon (6/15)
 Temple: D:4-7

Altars:
Kikubaaqudgha
Makhleb
Qazlal
Ru
Sif Muna
Uskayaw
Vehumet
Xom


Innate Abilities, Weirdness & Mutations

You cannot wear boots.
((Your serpentine skin is tough. (AC +2)))
You have supernaturally acute eyesight. (SInv)
((Armour fits poorly on your strangely shaped body.))
((Your system is resistant to poisons. (rPois)))
((You cover ground very slowly.))
You can spit poison.
You do not regenerate when monsters are visible.


Message History

Your +0 robe melds into your body.
The orc warrior hits you with a +1 long sword of freezing!!
The orc warrior freezes you!
The orc warrior hits you with a +1 long sword of freezing!!
* * * LOW HITPOINT WARNING * * *
The orc warrior freezes you.
* * * LOW HITPOINT WARNING * * *
You feel better.
An ogre comes into view. It is wielding a +0 giant spiked club.
The orc warrior hits you with a +1 long sword of freezing!
* * * LOW HITPOINT WARNING * * *
The orc warrior freezes you.
* * * LOW HITPOINT WARNING * * *
Okay, then.
Okay, then.
It was a potion of stabbing.
You feel ready to backstab.
The ogre shouts!
The orc warrior hits you with a +1 long sword of freezing!
You die...

... #.# .O. #o# #o#
#o# #o# #s# #.#
######## #.#
#......###.#
###......†...#########
#..(.###.##..........#
#.#.## #.#.....#####.#
#####.#.####.##...##
#.#
#............###.##
#.#


You could see an orc warrior, an ogre, an orc priest and 2 orcs.

Vanquished Creatures
  Eustachio (D:5)
  A centaur (D:5)
  Blork the orc (D:5)
  A scorpion (D:3)
  4 crimson imps (D:4)
  2 orc priests
  A bullfrog skeleton (D:6)
  2 hounds
  Ijyb (D:3)
  An iguana (D:5)
  2 orc wizards (D:4)
  4 worker ants
  A worker ant zombie (D:6)
  4 gnolls (D:6)
  6 adders
  3 shadow imps
  3 oozes
  5 worms
  A dart slug (D:4)
  4 leopard geckos
  10 orcs
  7 giant cockroaches
  4 goblins
  8 hobgoblins
  6 jackals
  3 quokkas
  2 ball pythons
  4 bats
  3 frilled lizards
  7 kobolds
  A leopard gecko skeleton (D:4)
  7 rats
110 creatures vanquished.

Notes
Turn   | Place    | Note
-------+----------+-------------------------------------------
     0 | D:1      | kae the Naga Transmuter began the quest for the Orb.
     0 | D:1      | Reached XP level 1. HP: 18/18 MP: 3/3
   591 | D:1      | Reached XP level 2. HP: 17/25 MP: 3/5
  1455 | D:1      | Reached skill level 3 in Transmutations
  1574 | D:1      | Reached XP level 3. HP: 15/31 MP: 6/6
  1876 | D:2      | Learned a level 3 spell: Spider Form
  1913 | D:2      | Found a stormy altar of Qazlal.
  1915 | D:2      | Noticed an earth elemental
  2623 | D:2      | Reached XP level 4. HP: 32/38 MP: 5/7
  3063 | D:2      | Noticed a water elemental
  3063 | D:2      | Noticed an air elemental
  3063 | D:2      | Noticed a fire elemental
  3811 | D:3      | Reached skill level 4 in Transmutations
  3837 | D:3      | Reached XP level 5. HP: 32/44 MP: 1/8
  3989 | D:3      | Reached skill level 1 in Evocations
  4406 | D:3      | Noticed Ijyb
  4417 | D:3      | Killed Ijyb
  4854 | D:4      | Reached XP level 6. HP: 51/51 MP: 1/9
  4932 | D:4      | Reached skill level 5 in Transmutations
  5368 | D:4      | HP: 2/51 [orc wizard/+0 dagger (3)]
  5713 | D:4      | Found a radiant altar of Vehumet.
  5753 | D:4      | Found a shimmering altar of Xom.
  5815 | D:4      | Reached XP level 7. HP: 23/57 MP: 6/10
  5819 | D:4      | Gained mutation: You do not regenerate when monsters are
                  | visible. [mutagenic glow]
  6320 | D:5      | Entered Level 5 of the Dungeon
  6330 | D:5      | Noticed Eustachio
  6358 | D:5      | Noticed Blork the orc
  6436 | D:5      | Found a shimmering blue altar of Sif Muna.
  6440 | D:5      | Reached skill level 6 in Transmutations
  6591 | D:5      | Reached skill level 5 in Unarmed Combat
  7352 | D:5      | Learned a level 5 spell: Blade Hands
  7360 | D:5      | Killed Blork the orc
  7519 | D:5      | Killed Eustachio
  7684 | D:5      | Reached XP level 8. HP: 41/64 MP: 8/11
  7808 | D:5      | Found a hide-covered altar of Uskayaw.
  7813 | D:5      | Found a sacrificial altar of Ru.
  7816 | D:5      | Found a burning altar of Makhleb.
  8124 | D:6      | Reached skill level 7 in Transmutations
  8484 | D:6      | Found an ancient bone altar of Kikubaaqudgha.
  8508 | D:6      | Got a jewelled leather armour
  8684 | D:6      | HP: 3/64 [orc warrior/+1 long sword of freezing (3)]
  8685 | D:6      | Mangled by an orc warrior

Illustrated notes

Levels and vault maps discovered:
D:1:      dpeg_arrival_court, layout_loops_ring
D:2:      layout_basic, nicolae_qazlal_style_of_elements, grunt_ministairs_1
D:3:      layout_loops_corners, uniq_ijyb
D:4:      layout_gridville, lemuel_doored_altar,
          hangedman_abyss_or_decor_stagger, led_xom_imps
D:5:      layout_basic, nicolae_overflow_crystal_walls,
          minmay_overflow_temple_star_quad, uniq_eustachio, uniq_blork_the_orc
D:6:      layout_loops_corners, kiku_gazebo_garden_becter, serial_park_tiny_1

Skill      XL: |  1  2  3  4  5  6  7  8 |
---------------+-------------------------+-----
Transmutations | 3 4 5 6 7 |  7.2
Unarmed Combat | 4 5 |  5.6
Evocations     | 1 2 3 |  3.9
Fighting       | |  1.0
Dodging        | |  1.5
Spellcasting   | |  2.0

Action                   |  1- 3 |  4- 6 |  7- 9 || total
-------------------------+-------+-------+-------++-------
Melee: Unarmed           |   103 |   210 |   140 ||   453
       Headbutt          |    10 |    11 |     2 ||    23
       Punch             |       |     1 |     2 ||     3
 Cast: Beastly Appendage |    16 |    20 |     5 ||    41
       Spider Form       |       |    12 |    16 ||    28
       Blade Hands       |       |       |     2 ||     2
 Abil: Spit Poison       |    11 |     2 |     1 ||    14
  Use: Scroll            |     3 |     4 |     7 ||    14
       Potion            |       |     1 |     2 ||     3
 Stab: Invisible         |       |     2 |       ||     2
       Sleeping          |       |       |     1 ||     1
Armor: Robe              |    12 |    36 |    23 ||    71
       Skin              |       |    21 |     9 ||    30
Dodge: Dodged            |    49 |   154 |    82 ||   285

Table legend: (Time is in decaauts)
 A = Elapsed time spent in this place.
 B = Non-inter-level travel time spent in this place.
 C = Inter-level travel time spent in this place.
 D = Time resting spent in this place.
 E = Time spent auto-exploring this place.
 F = Levels seen in this place.
 G = Mean time per level.
                   A        B        C        D        E       F      G
               +--------+--------+--------+--------+--------+-----+--------+
         Total |  10153 |   9904 |    249 |    288 |   8603 |   6 | 1692.2 |
       Dungeon |  10153 |   9904 |    249 |    288 |   8603 |   6 | 1692.2 |
               +--------+--------+--------+--------+--------+-----+--------+

Top non-repeatable levels by time:
     D:1: 2073 daAuts
     D:3: 1976 daAuts
     D:5: 1888 daAuts
     D:4: 1700 daAuts
     D:2: 1523 daAuts
     D:6: 991 daAuts
